 Dungeon Crawl Stone Soup version 0.32-a0-872-g59262bd (webtiles) character file.

Game seed: 14395359054634312935

14 lyrin the Firebug (level 2, 0/15 HPs)
             Began as a Tengu Fire Elementalist on Mar 30, 2024.
             Succumbed to an adder's poison
             ... on level 2 of the Dungeon.
             The game lasted 00:01:11 (905 turns).

lyrin the Firebug (Tengu Fire Elementalist)          Turns: 905, Time: 00:01:12

Health: 0/15       AC:  2    Str:  8    XL:     2   Next: 41%
Magic:  2/6        EV: 11    Int: 15    God:
Gold:   35         SH:  0    Dex: 14    Spells: 4/5 levels left

rFire   . . .        d - +0 falchion
rCold   . . .        (no shield)
rNeg    . . .        a - +0 robe
rPois   .            (helmet restricted)
rElec   .            (no cloak)
rCorr   .            (no gloves)
SInv    .            (boots unavailable)
Will    .....        (no amulet)
Stlth   ++           (no ring)
HPRegen 0.22/turn    (no ring)
MPRegen 0.10/turn

%: acrobat
@: lethally poisoned (0 -> -6)
A: beak, talons 3, acrobatic
a: no special abilities


You were on level 2 of the Dungeon.
You visited 1 branch of the dungeon, and saw 2 of its levels.

You collected 35 gold pieces.

Inventory:

Hand Weapons
 d - a +0 falchion (weapon)
Armour
 a - a +0 robe (worn)
Scrolls
 c - a scroll of identify {unknown}
 e - a scroll of teleportation {unknown}
 h - a scroll of enchant armour {unknown}
 i - a scroll of poison {unknown}
Potions
 b - a potion of magic
 f - a potion of invisibility {unknown}
 g - a potion of ambrosia {unknown}


   Skills:
 + Level 2.2 Dodging
 + Level 2.2 Stealth
 + Level 2.0 Spellcasting
 + Level 1.5 Conjurations
 + Level 3.8 Fire Magic


You had 4 spell levels left.
You knew the following spells:

 Your Spells              Type           Power      Damage    Failure   Level
a - Foxfire               Conj/Fire      36%        2x1d5     8%          1

Your spell library contained the following spells:

 Spells                   Type           Power      Damage    Failure   Level
 Scorch                   Fire           26%        2d6       7%          2
 Inner Flame              Hex/Fire       7%         N/A       30%         3
 Volatile Blastmotes      Fire/Tloc      14%        2d11      30%         3
 Flame Wave               Conj/Fire      9%         2d6       58%         4


Dungeon Overview and Level Annotations

Branches:
Dungeon (2/15)

Altars:


Innate Abilities, Weirdness & Mutations

You have a beak for a mouth.
You have claws for feet.
You can magically evade attacks while moving or waiting.


Message History

The jackal misses you. The jackal barely misses you.
A jackal is nearby!
You hit the jackal.
You kill the jackal!
You see here a jackal corpse.
You start resting.
Magic restored.
You start resting.
HP restored.
You start waiting.
There is a stone staircase leading down here.
You climb downwards.
The adder bites you. The hobgoblin barely misses you.
The adder bites you but does no damage.
There is a stone staircase leading up here.
Casting: Foxfire (safe; 8% risk of failure)
Confirm with . or Enter, or press ? or * to list all spells.
You conjure some foxfire!
The hobgoblin hits you. The adder barely misses you.
Unknown command.
Casting: Foxfire (safe; 8% risk of failure)
Confirm with . or Enter, or press ? or * to list all spells.
You conjure some foxfire!
The foxfire hits the hobgoblin.
The hobgoblin is heavily wounded.
The foxfire hits the adder.
The adder is lightly wounded.
The hobgoblin closely misses you. The adder bites you but does no damage.
Casting: Foxfire (safe; 8% risk of failure)
Confirm with . or Enter, or press ? or * to list all spells.
You conjure some foxfire!
The foxfire hits the adder.
The adder is heavily wounded.
The foxfire hits the adder.
The adder is almost dead.
The hobgoblin hits you. The adder bites you.
* * * LOW HITPOINT WARNING * * *
You are lethally poisoned!
The adder poisons you!
A kobold comes into view. It is wielding a +0 dagger.
Casting: Foxfire (safe; 8% risk of failure)
Confirm with . or Enter, or press ? or * to list all spells.
You conjure some foxfire!
You die...

... ♣P..........
....P ♣♣P♣..#######
.....♣ ♣..♣.!.#####
.....P♣♣♣..#.g....##
......P.P..##......##
.........P..........#
............####....#
K.....Svv...# ###...
......v@§...# ..
$.....g.v...# #
.%.............
...........####
....#........
...######..### ...
..## .. ##


You could see an adder (ally target), a hobgoblin (ally target) and a kobold.

Vanquished Creatures
  2 ball pythons (D:1)
  2 goblins (D:1)
  A hobgoblin (D:1)
  4 jackals
  2 frilled lizards (D:1)
  A rat (D:1)
12 creatures vanquished.

Vanquished Creatures (others)
  26 foxfires
26 creatures vanquished.

Grand Total: 38 creatures vanquished

Notes
Turn   | Place    | Note
-------+----------+-------------------------------------------
     0 | D:1      | lyrin the Tengu Fire Elementalist began the quest for the
                  | Orb.
     0 | D:1      | Reached XP level 1. HP: 10/10 MP: 4/4
   291 | D:1      | Reached XP level 2. HP: 15/15 MP: 4/6
   905 | D:2      | Succumbed to an adder's poison

Illustrated notes

Levels and vault maps discovered:
D:1:      noname_arrival_rooms_in_the_neighbourhood, layout_basic,
          minmay_octomino_e4
D:2:      layout_rooms, serial_forest, infiniplex_forest_clump_medium,
          infiniplex_forest_end_2, infiniplex_forest_straight_3,
          infiniplex_forest_clump_double, infiniplex_forest_clump_diagonal,
          infiniplex_forest_end_2, infiniplex_forest_lined_ring,
          infiniplex_forest_lined_room_3, amcnicky_mini_corridor_feature

Action                     || total
---------------------------++-------
  Melee: Unarmed           ||     1
         Falchion          ||    12
         Peck              ||     1
   Cast: Foxfire           ||    19
 Armour: Robe              ||    28
  Dodge: Dodged            ||    48

Table legend: (Time is in decaauts)
 A = Elapsed time spent in this place.
 B = Non-inter-level travel time spent in this place.
 C = Inter-level travel time spent in this place.
 D = Time resting spent in this place.
 E = Time spent auto-exploring this place.
 F = Levels seen in this place.
 G = Mean time per level.
                   A        B        C        D        E       F      G
               +--------+--------+--------+--------+--------+-----+--------+
         Total |    908 |    902 |      6 |    149 |    613 |   2 |  454.0 |
       Dungeon |    908 |    902 |      6 |    149 |    613 |   2 |  454.0 |
               +--------+--------+--------+--------+--------+-----+--------+

Top non-repeatable levels by time:
     D:1: 884 daAuts
     D:2: 24 daAuts
